 Dungeon Crawl Stone Soup version 0.24.0-123-gd5b16e6ec5 (webtiles) character file.

Game seed: 12661544460053535725, levelgen mode: deterministic

12 Descartes the Digger (level 2, 0/19 HPs)
             Began as a Formicid Earth Elementalist on Jan 8, 2020.
             Slain by a kobold
             ... wielding a +2 dagger of protection
              (5 damage)
             ... on level 1 of the Dungeon.
             The game lasted 00:02:02 (471 turns).

Descartes the Digger (Formicid Earth Elementalist)   Turns: 471, Time: 00:02:03

Health: 0/19       AC:  2    Str: 12    XL:     2   Next: 45%
Magic:  5/5        EV: 12    Int: 14    God:
Gold:   22         SH:  0    Dex: 11    Spells: 4/5 levels left

rFire    . . .     SeeInvis +   e - +0 club
rCold    . . .     Gourm    .   (no shield)
rNeg     . . .     Faith    .   c - +0 robe
rPois    .         Spirit   .   (helmet unavailable)
rElec    .         Reflect  .   (no cloak)
rCorr    .         Harm     .   (no gloves)
MR       .....                  (no boots)
Stlth    ++........             (no amulet)
HPRegen  0.06/turn              (no ring)
MPRegen  0.09/turn              (no ring)

@: no status effects
A: permanent stasis, dig shafts and tunnels, four strong arms, antennae 3
a: Dig, Shaft Self


You were on level 1 of the Dungeon.
You were not hungry.

You visited 1 branch of the dungeon, and saw 1 of its levels.

You collected 22 gold pieces.

Inventory:

Hand Weapons
 e - a +0 club (weapon)
Missiles
 b - 25 stones (quivered)
Armour
 c - a +0 robe (worn)
Scrolls
 f - a scroll of identify {unknown}
 g - a scroll of immolation {unknown}
Potions
 h - a potion of degeneration {unknown}
Comestibles
 a - a chunk of flesh
 d - 2 rations


   Skills:
 - Level 1.7 Dodging
 - Level 2.4 Stealth
 - Level 2.1 Spellcasting
   Level 1.1 Transmutations
 + Level 4.5 Earth Magic


You had 4 spell levels left.
You knew the following spells:

 Your Spells              Type           Power        Failure   Level  Hunger
a - Sandblast             Erth           ##....       3%          1    #......

Your spell library contained the following spells:

 Spells                   Type           Power        Failure   Level  Hunger
 Passwall                 Tmut/Erth      #.......     11%         2    ###....
 Stone Arrow              Conj/Erth      #.....       28%         3    ###....
 Petrify                  Tmut/Erth      #.......     58%         4    #####..
 Lee's Rapid Deconstruct  Erth           ##........   69%         5    ######.


Dungeon Overview and Level Annotations

Branches:
Dungeon (1/15)

Altars:


Innate Abilities, Weirdness & Mutations

You cannot be hasted, slowed, berserked, paralysed or teleported.
You can dig through walls and to a lower floor.
Your four strong arms can wield two-handed weapons with a shield.
You have a pair of large antennae on your head. (SInv)


Message History

You are too injured to fight recklessly!
You are too injured to fight recklessly!
The goblin hits you but does no damage.
The kobold hits you with a +2 dagger of protection.
* * * LOW HITPOINT WARNING * * *
The kobold hits you with a +2 dagger of protection.
* * * LOW HITPOINT WARNING * * *
You hit the kobold but do no damage. The kobold hits you but does no damage.
You hit the kobold but do no damage. The kobold barely misses you.
The kobold closely misses you.
You closely miss the kobold. The kobold completely misses you.
You barely miss the kobold. The kobold misses you.
Some of the chunks of flesh in your inventory have rotted away.
You hit the kobold but do no damage. The kobold hits you but does no damage.
The kobold barely misses you.
You miss the kobold. The kobold hits you but does no damage.
You hit the kobold but do no damage. The kobold closely misses you.
You closely miss the kobold.
The kobold hits you with a +2 dagger of protection.
You die...

#..........# #...#..
#..........#.#.....###
#.....(.#....##....##.
#....(..#....# ...##.
##....#### ...#####.##.
#.....# #.......... #.....#
#......÷...
..♣.#...#########.........#
♣.....ggK@..............#.
#...#############..#.....#.
#... #..#.....#. ..
#...####.#. ≈≈≈≈≈≈ #.#.
##...####... ##.## ... #.#
.


You could see a hobgoblin, a goblin and a kobold.

Vanquished Creatures
  A dart slug (D:1)
  A goblin (D:1)
  2 hobgoblins (D:1)
  3 jackals (D:1)
  A ball python (D:1)
  A frilled lizard (D:1)
9 creatures vanquished.

Notes
Turn   | Place    | Note
-------+----------+-------------------------------------------
     0 | D:1      | Descartes the Formicid Earth Elementalist began the quest
                  | for the Orb.
     0 | D:1      | Reached XP level 1. HP: 13/13 MP: 3/3
    19 | D:1      | Reached skill level 4 in Earth Magic
   196 | D:1      | Reached XP level 2. HP: 19/19 MP: 1/5
   471 | D:1      | Slain by a kobold

Levels and vault maps discovered:
D:1:      dpeg_arrival_short_road, layout_basic, serial_rivers,
          chequers_serial_rivers_small_3, chequers_serial_rivers_micro_a,
          chequers_serial_rivers_micro_b, chequers_serial_rivers_micro_a,
          kennysheep_crisscross, minmay_octomino_j4

Skill      XL: |  1 |
---------------+----+-----
Earth Magic    | 4 |  4.5
Dodging        | |  1.7
Stealth        | |  2.4
Spellcasting   | |  2.1
Transmutations | |  1.1

Action                   || total
-------------------------++-------
Melee: Unarmed           ||     9
       Club              ||    32
 Cast: Sandblast         ||     5
 Abil: Dig               ||     1
Armor: Robe              ||     7
Dodge: Dodged            ||    40
